 Dungeon Crawl Stone Soup version 0.30-a0-169-g06f667207d (webtiles) character file.

Game seed: 6357922273027902099

2323 qw the Cleaver (level 9, 55/55 HPs)
             Began as a Gargoyle Fighter on Sept 29, 2022.
             Was an Initiate of Okawaru.
             Quit the game on level 6 of the Dungeon.
             The game lasted 00:14:46 (14038 turns).

qw the Cleaver (Gargoyle Fighter)                  Turns: 14038, Time: 00:14:46

Health: 55/55      AC: 20    Str: 25    XL:     9   Next: 42%
Magic:  12/12      EV:  7    Int:  8    God:    Okawaru [......]
Gold:   156        SH:  9    Dex:  9    Spells: 8/8 levels left

rFire   . . .      SeeInvis .    Y - +2 war axe
rCold   . . .      Faith    .    g - +0 kite shield
rNeg    + . .      Spirit   .    j - +0 chain mail
rPois   inf        Reflect  .    e - +1 helmet
rElec   +          Harm     .    (no cloak)
rCorr   .          Rampage  .    (no gloves)
Will    .....                    k - +0 pair of boots
Stlth   ..........               n - amulet of regeneration
HPRegen 0.98/turn                (no ring)
MPRegen 0.13/turn                (no ring)

@: no status effects
A: sickness immunity, AC +6, negative energy resistance 1, electricity
resistance, torment resistance 1, petrification resistance, hooves 1, iridescent
scales 1
a: Renounce Religion


You were on level 6 of the Dungeon.
You worshipped Okawaru.
Okawaru was noncommittal.
You visited 2 branches of the dungeon, and saw 7 of its levels.

You collected 294 gold pieces.
You spent 138 gold pieces at shops.


Innate Abilities, Weirdness & Mutations

You are immune to sickness and miasma.
Your stone body is resilient. (AC +6)
You are immune to poison.
You resist negative energy. (rN+)
You are resistant to electric shocks. (rElec)
You are resistant to unholy torment.
You are immune to petrification.
You have large cloven feet.
You are partially covered in iridescent scales. (AC +2)


   Skills:
 - Level 6.0 Fighting
 - Level 8.1 Axes
 - Level 1.1 Throwing
 + Level 3.2 Armour
 - Level 1.3 Dodging
 - Level 7.2 Shields
 - Level 4.0 Invocations


You had 8 spell levels left.
You didn't know any spells.
Your spell library was empty.

Inventory:

Hand Weapons
 b - a +0 morningstar
 Y - a +2 war axe (weapon)
Missiles
 c - 3 boomerangs (quivered)
Armour
 e - a +1 helmet (worn)
 g - a +0 kite shield (worn)
 j - a +0 chain mail (worn)
 k - a +0 pair of boots (worn)
Jewellery
 n - an amulet of regeneration (around neck)
Scrolls
 a - 2 scrolls of identify
Potions
 d - a potion of might
 f - 2 potions of mutation
 h - a potion of cancellation
 l - 2 potions of heal wounds
 m - a potion of resistance

Dungeon Overview and Level Annotations

Branches:
Dungeon (6/15)             Temple (1/1) D:5

Altars:
Ashenzari
Cheibriados
Dithmenos
Elyvilon
Fedhas
Gozag
Makhleb
Nemelex Xobeh
Okawaru
Qazlal
Ru
Sif Muna
Trog
Uskayaw
Vehumet
Xom
Yredelemnul
Zin
The Shining One

Shops:
D:4 ?(=:   D:5 (

Annotations:
D:3 1 runed translucent door, Crazy Yiuf
D:5 2 transporters


Message History

Where to? (* - list waypoints, Enter - D:5, ? - help)
What level of the Dungeon? (default 1, ? - help)
You climb downwards.
There is a stone staircase leading up here.
Done exploring.
Done exploring.
14025 ||| Stepping randomly (stuck).
(D) Dungeon (T) Temple
Where to? (* - list waypoints, Enter - D:6, ? - help)
What level of the Dungeon? (default 1, ? - help)
There is a stone staircase leading up here.
You climb upwards.
Level annotation: 2 transporters
There is a stone staircase leading down here.
Partly explored, unvisited transporter.
(D) Dungeon (T) Temple
Where to? (* - list waypoints, Enter - D:5, ? - help)
What level of the Dungeon? (default 1, ? - help)
You climb downwards.
There is a stone staircase leading up here.
Done exploring.
Done exploring.
14031 ||| Stepping randomly (stuck).
(D) Dungeon (T) Temple
Where to? (* - list waypoints, Enter - D:6, ? - help)
What level of the Dungeon? (default 1, ? - help)
There is a stone staircase leading up here.
You climb upwards.
Level annotation: 2 transporters
There is a stone staircase leading down here.
Partly explored, unvisited transporter.
(D) Dungeon (T) Temple
Where to? (* - list waypoints, Enter - D:5, ? - help)
What level of the Dungeon? (default 1, ? - help)
You climb downwards.
There is a stone staircase leading up here.
Done exploring.
Done exploring.
14037 ||| Stepping randomly (stuck).
Are you sure you want to abandon this character and quit the game? (Confirm with "yes".)

#######.#####...#.#.#..###.#.#.#.
#.##......#.#.#.......#.#.#
#.##.....##.#.#.######.#.#.
#.##....?##.#.#.# #..#.#.#
#.#########.#.#.# #.#.#.#.
###.#### #.#.#.# #..#.#.#
#......######.#.#.# #.#.#.#.
#......#....#.#.#.####..#.#.#
#..........<@.#.#.#....#.#.#.
#......#....###.#.#..#...[..#
#......#....# #.#.#..#.#...#.
#......#....# #.#.#..#......#
#......#....# #.#.#..#.#...#.
###..###....###.#.#.....#.#.#
#...........#.#.##.#.#.#.#.
##.########.#.#.##.#..#.#.# #.#
#.#.#.##.#.#.#.#.


There were no monsters in sight!

Vanquished Creatures
  A troll (D:6)
  Prince Ribbit (D:6)
  Edmund (D:5)
  A water moccasin (D:5)
  A black bear (D:4)
  An ogre (D:6)
  A centaur (D:5)
  A phantom (D:6)
  2 scorpions
  3 killer bees (D:6)
  A howler monkey (D:4)
  3 hounds
  An orc priest (D:3)
  3 jellies
  8 iguanas
  2 gnoll boudas (D:6)
  Terence (D:4)
  2 orc wizards
  20 gnolls
  15 adders
  4 river rats (D:4)
  2 white imps
  2 ufetubi (D:4)
  3 worms (D:4)
  4 dart slugs
  19 orcs
  7 bats
  6 endoplasms
  3 giant cockroaches
  8 hobgoblins
  17 jackals
  4 kobolds
  3 quokkas
  5 ball pythons (D:2)
  2 frilled lizards
  7 goblins
  9 rats
174 creatures vanquished.

Notes
Turn   | Place    | Note
-------+----------+-------------------------------------------
     0 | D:1      | qw the Gargoyle Fighter began the quest for the Orb.
     0 | D:1      | Reached XP level 1. HP: 14/14 MP: 1/1
     0 | D:1      | 0 ||| qw: Version: 0.2-a-12-gaebbb33
     0 | D:1      | 0 ||| qw: Game counter: 1279
     0 | D:1      | 0 ||| qw: Always use a shield: true
     0 | D:1      | 0 ||| qw: God list: Okawaru
     0 | D:1      | 0 ||| qw: Allow faded altars: false
     0 | D:1      | 0 ||| qw: Do Orc after D:15 true
     0 | D:1      | 0 ||| qw: Do second Lair branch before Depths: true
     0 | D:1      | 0 ||| qw: Lair rune preference: random
     0 | D:1      | 0 ||| qw: Plans: Normal, Zot:1-4, God:TSO, Crypt, Tomb,
                  | Pan, Slime:5, Hells, Abyss, Orb
     0 | D:1      | 0 ||| PLANNING D:1-11
    36 | D:1      | Found a faded altar of an unknown god.
    71 | D:1      | Reached skill level 2 in Axes
    81 | D:1      | 81 ||| Stepping ~*~*~tactically~*~*~ (stealth).
   182 | D:1      | Reached XP level 2. HP: 19/19 MP: 2/2
   597 | D:1      | 597 ||| Stepping ~*~*~tactically~*~*~ (stealth).
   598 | D:1      | 598 ||| Stepping ~*~*~tactically~*~*~ (stealth).
   602 | D:1      | 602 ||| Stepping ~*~*~tactically~*~*~ (hiding).
   828 | D:1      | Reached skill level 3 in Axes
  1021 | D:1      | 1021 ||| UPGRADING to +0 helmet.
  1026 | D:1      | 1026 ||| READING 2 scrolls labelled CISEGI FINIV VORR.
  1027 | D:1      | 1027 ||| READING scroll labelled ROSTRO WEECAU.
  1028 | D:1      | 1028 ||| DRINKING 2 fuming orange potions.
  1028 | D:1      | Gained mutation: You have large cloven feet. [potion of
                  | mutation]
  1028 | D:1      | Gained mutation: You are partially covered in iridescent
                  | scales. (AC +2) [potion of mutation]
  1029 | D:1      | 1029 ||| DRINKING 2 lumpy emerald potions.
  1030 | D:1      | 1030 ||| DROPPING scroll of noise.
  1159 | D:2      | Reached XP level 3. HP: 23/23 MP: 3/3
  1269 | D:2      | 1269 ||| Stepping ~*~*~tactically~*~*~ (stealth).
  1471 | D:2      | 1471 ||| Stepping ~*~*~tactically~*~*~ (stealth).
  1478 | D:2      | 1478 ||| Stepping ~*~*~tactically~*~*~ (stealth).
  1479 | D:2      | 1479 ||| Stepping ~*~*~tactically~*~*~ (stealth).
  1647 | D:2      | Reached XP level 4. HP: 27/28 MP: 4/4
  2261 | D:2      | 2261 ||| READING scroll labelled ENIACW ENATIO.
  2262 | D:2      | 2262 ||| READING 3 scrolls of identify.
  2262 | D:2      | 2262 ||| IDENTIFYING lumpy orange potion
  2263 | D:2      | 2263 ||| READING 2 scrolls of identify.
  2263 | D:2      | 2263 ||| IDENTIFYING fuming golden potion
  2264 | D:2      | 2264 ||| DROPPING potion of invisibility.
  2265 | D:2      | 2265 ||| DROPPING potion of brilliance.
  2393 | D:3      | 2393 ||| DROPPING +0 whip.
  2414 | D:3      | Reached skill level 4 in Axes
  2414 | D:3      | 2414 ||| Stepping ~*~*~tactically~*~*~ (stealth).
  2422 | D:3      | 2422 ||| Stepping ~*~*~tactically~*~*~ (stealth).
  2441 | D:3      | 2441 ||| Stepping ~*~*~tactically~*~*~ (hiding).
  2442 | D:3      | 2442 ||| Stepping ~*~*~tactically~*~*~ (hiding).
  2508 | D:3      | 2508 ||| Stepping ~*~*~tactically~*~*~ (stealth).
  2531 | D:3      | 2531 ||| Stepping ~*~*~tactically~*~*~ (stealth).
  2682 | D:3      | 2682 ||| Stepping ~*~*~tactically~*~*~ (hiding).
  2691 | D:3      | HP: 7/28 [jackal (1)]
  2694 | D:3      | Reached XP level 5. HP: 7/32 MP: 5/5
  2963 | D:3      | Reached skill level 5 in Axes
  3182 | D:3      | 3182 ||| Stepping ~*~*~tactically~*~*~ (stealth).
  3185 | D:3      | 3185 ||| Stepping ~*~*~tactically~*~*~ (stealth).
  3186 | D:3      | 3186 ||| Stepping ~*~*~tactically~*~*~ (stealth).
  3192 | D:3      | 3192 ||| Stepping ~*~*~tactically~*~*~ (stealth).
  3193 | D:3      | 3193 ||| Stepping ~*~*~tactically~*~*~ (stealth).
  3284 | D:3      | Found a runed translucent door.
  3285 | D:3      | Noticed Crazy Yiuf
  3429 | D:3      | Noticed Terence
  3604 | D:3      | 3604 ||| Stepping ~*~*~tactically~*~*~ (hiding).
  3614 | D:3      | 3614 ||| Stepping ~*~*~tactically~*~*~ (stealth).
  3824 | D:3      | 3824 ||| UPGRADING to +0 chain mail.
  3834 | D:3      | 3834 ||| DROPPING +0 scale mail.
  3835 | D:3      | 3835 ||| READING 2 scrolls labelled ZUTTEM OCIXTI.
  3836 | D:3      | 3836 ||| READING scroll of enchant armour.
  3836 | D:3      | 3836 ||| ENCHANTING +0 helmet.
  3837 | D:3      | 3837 ||| READING scroll labelled BELYIMY TAIRAR.
  3838 | D:3      | 3838 ||| READING scroll labelled NAECSY VOS DARGH.
  3839 | D:3      | 3839 ||| READING scroll labelled PASATE WIRY.
  3840 | D:3      | 3840 ||| READING 3 scrolls of identify.
  3840 | D:3      | 3840 ||| IDENTIFYING bubbling yellow potion
  3841 | D:3      | 3841 ||| READING 2 scrolls of identify.
  3841 | D:3      | 3841 ||| IDENTIFYING glowing pink potion
  3842 | D:3      | 3842 ||| DROPPING potion of degeneration.
  3892 | D:4      | 3892 ||| PLANNING SEWER
  3934 | D:4      | Killed Terence
  3935 | D:4      | Reached XP level 6. HP: 20/38 MP: 6/6
  3978 | D:4      | 3978 ||| FLEEEEING.
  3982 | D:4      | 3982 ||| FLEEEEING.
  3983 | D:4      | 3983 ||| FLEEEEING.
  3984 | D:4      | 3984 ||| FLEEEEING.
  3989 | D:4      | 3989 ||| FLEEEEING.
  3990 | D:4      | 3990 ||| FLEEEEING.
  3991 | D:4      | 3991 ||| FLEEEEING.
  3992 | D:4      | 3992 ||| FLEEEEING.
  3993 | D:4      | 3993 ||| STAIRDANCE
  4176 | D:4      | 4176 ||| STAIRDANCE
  4291 | D:4      | 4291 ||| STAIRDANCE
  4417 | D:3      | 4417 ||| DROPPING +2 mace of draining.
  4515 | D:4      | 4515 ||| Stepping ~*~*~tactically~*~*~ (stealth).
  4562 | D:4      | 4562 ||| Stepping ~*~*~tactically~*~*~ (stealth).
  4568 | D:4      | 4568 ||| RIP SEWER
  4569 | D:4      | 4569 ||| PLANNING D:1-11
  4579 | D:4      | 4579 ||| Stepping ~*~*~tactically~*~*~ (stealth).
  4581 | D:4      | 4581 ||| Stepping ~*~*~tactically~*~*~ (stealth).
  4648 | D:4      | Noticed a black bear
  4656 | D:4      | 4656 ||| Stepping ~*~*~tactically~*~*~ (stealth).
  4658 | D:4      | Killed a black bear
  4659 | D:4      | Reached skill level 6 in Axes
  4670 | D:4      | Reached skill level 1 in Dodging
  4691 | D:4      | 4691 ||| Stepping ~*~*~tactically~*~*~ (stealth).
  4717 | D:4      | 4717 ||| Stepping ~*~*~tactically~*~*~ (stealth).
  4718 | D:4      | 4718 ||| Stepping ~*~*~tactically~*~*~ (stealth).
  4719 | D:4      | 4719 ||| Stepping ~*~*~tactically~*~*~ (stealth).
  4721 | D:4      | 4721 ||| Stepping ~*~*~tactically~*~*~ (stealth).
  4732 | D:4      | 4732 ||| Stepping ~*~*~tactically~*~*~ (stealth).
  4734 | D:4      | 4734 ||| Stepping ~*~*~tactically~*~*~ (stealth).
  4739 | D:4      | 4739 ||| Stepping ~*~*~tactically~*~*~ (stealth).
  4740 | D:4      | 4740 ||| Stepping ~*~*~tactically~*~*~ (stealth).
  4741 | D:4      | 4741 ||| Stepping ~*~*~tactically~*~*~ (stealth).
  4752 | D:4      | Reached XP level 7. HP: 29/43 MP: 7/7
  4884 | D:4      | 4884 ||| Stepping ~*~*~tactically~*~*~ (hiding).
  5167 | D:4      | Found Datex's Jewellery Shop.
  5168 | D:4      | Found Hygeuff's Magic Scroll Shop.
  5174 | D:4      | Found Yvvuaphi's Book Shop.
  5174 | D:4      | Found Neinkagg's Weapon Shop.
  5186 | D:4      | 5186 ||| BUYING scroll of enchant weapon (90 gold).
  5186 | D:4      | Bought a scroll of enchant weapon for 90 gold pieces
  5186 | D:4      | 5186 ||| BUYING scroll of identify (24 gold).
  5186 | D:4      | Bought a scroll of identify for 24 gold pieces
  5186 | D:4      | 5186 ||| BUYING scroll of identify (24 gold).
  5186 | D:4      | Bought a scroll of identify for 24 gold pieces
  5186 | D:4      | 5186 ||| READING scroll of enchant weapon.
  5186 | D:4      | 5186 ||| ENCHANTING +1 war axe.
  5196 | D:4      | 5196 ||| SHOPLISTING +6 ring of strength (432 gold, have
                  | 23).
  5196 | D:4      | 5196 ||| SHOPLISTING ring of fire (300 gold, have 23).
  5196 | D:4      | 5196 ||| SHOPLISTING ring of positive energy (240 gold,
                  | have 23).
  5196 | D:4      | 5196 ||| SHOPLISTING ring of protection from cold (300
                  | gold, have 23).
  5307 | D:4      | 5307 ||| Stepping ~*~*~tactically~*~*~ (stealth).
  5309 | D:4      | 5309 ||| Stepping ~*~*~tactically~*~*~ (stealth).
  5320 | D:4      | 5320 ||| Stepping ~*~*~tactically~*~*~ (stealth).
  5653 | D:4      | 5653 ||| UPGRADING to +0 kite shield.
  5663 | D:4      | 5663 ||| DROPPING +0 buckler.
  5664 | D:4      | 5664 ||| READING 2 scrolls labelled MUMAOT JISIAH.
  5667 | D:4      | 5667 ||| DRINKING 2 sedimented dark potions.
  5690 | D:5      | Entered Level 5 of the Dungeon
  5750 | D:5      | 5750 ||| Stepping ~*~*~tactically~*~*~ (hiding).
  5917 | D:5      | Noticed Edmund
  5939 | D:5      | 5939 ||| Stepping ~*~*~tactically~*~*~ (stealth).
  5943 | D:5      | Killed Edmund
  5944 | D:5      | Reached XP level 8. HP: 41/48 MP: 8/8
  5991 | D:5      | 5991 ||| Stepping ~*~*~tactically~*~*~ (stealth).
  5992 | D:5      | 5992 ||| Stepping ~*~*~tactically~*~*~ (stealth).
  5993 | D:5      | 5993 ||| Stepping ~*~*~tactically~*~*~ (stealth).
  5994 | D:5      | 5994 ||| Stepping ~*~*~tactically~*~*~ (stealth).
  6005 | D:5      | Reached skill level 6 in Shields
  6097 | D:5      | Reached skill level 7 in Axes
  6111 | D:5      | Found a staircase to the Ecumenical Temple.
  6112 | D:5      | 6112 ||| PLANNING TEMPLE
  6112 | D:5      | 6112 ||| FLEEEEING.
  6122 | D:5      | 6122 ||| FLEEEEING.
  6123 | D:5      | 6123 ||| FLEEEEING.
  6133 | D:5      | 6133 ||| UPGRADING to amulet of regeneration.
  6138 | D:5      | 6138 ||| FLEEEEING.
  6139 | D:5      | 6139 ||| FLEEEEING.
  6140 | D:5      | 6140 ||| FLEEEEING.
  6144 | D:5      | 6144 ||| FLEEEEING.
  6145 | D:5      | 6145 ||| FLEEEEING.
  6146 | D:5      | 6146 ||| FLEEEEING.
  6147 | D:5      | 6147 ||| FLEEEEING.
  6152 | D:5      | 6152 ||| FLEEEEING.
  6157 | D:5      | 6157 ||| FLEEEEING.
  6158 | D:5      | 6158 ||| FLEEEEING.
  6159 | D:5      | 6159 ||| FLEEEEING.
  6166 | D:5      | 6166 ||| FLEEEEING.
  6167 | D:5      | 6167 ||| FLEEEEING.
  6168 | D:5      | 6168 ||| FLEEEEING.
  6169 | D:5      | 6169 ||| FLEEEEING.
  6170 | D:5      | 6170 ||| FLEEEEING.
  6171 | D:5      | 6171 ||| FLEEEEING.
  6176 | D:5      | 6176 ||| FLEEEEING.
  6177 | D:5      | 6177 ||| FLEEEEING.
  6178 | D:5      | 6178 ||| FLEEEEING.
  6179 | D:5      | 6179 ||| FLEEEEING.
  6180 | D:5      | 6180 ||| FLEEEEING.
  6181 | D:5      | 6181 ||| FLEEEEING.
  6189 | D:5      | 6189 ||| FLEEEEING.
  6191 | D:5      | 6191 ||| STAIRDANCE
  6193 | D:4      | 6193 ||| READING scroll labelled TOUCWU HIBYU.
  6194 | D:4      | 6194 ||| READING 3 scrolls of identify.
  6194 | D:4      | 6194 ||| IDENTIFYING fizzy emerald potion
  6195 | D:4      | 6195 ||| READING 2 scrolls of identify.
  6195 | D:4      | 6195 ||| IDENTIFYING brown potion
  6196 | D:4      | 6196 ||| DROPPING potion of flight.
  6204 | D:5      | 6204 ||| STAIRDANCE
  6251 | D:5      | 6251 ||| Stepping ~*~*~tactically~*~*~ (hiding).
  6304 | D:5      | 6304 ||| FLEEEEING.
  6325 | D:5      | 6325 ||| FLEEEEING.
  6336 | D:5      | 6336 ||| Stepping ~*~*~tactically~*~*~ (hiding).
  6366 | D:5      | 6366 ||| FLEEEEING.
  6367 | D:5      | 6367 ||| FLEEEEING.
  6368 | D:5      | 6368 ||| FLEEEEING.
  6377 | D:5      | 6377 ||| FLEEEEING.
  6378 | D:5      | 6378 ||| FLEEEEING.
  6390 | D:5      | 6390 ||| FLEEEEING.
  6391 | D:5      | 6391 ||| FLEEEEING.
  6392 | D:5      | 6392 ||| FLEEEEING.
  6393 | D:5      | 6393 ||| FLEEEEING.
  6394 | D:5      | 6394 ||| FLEEEEING.
  6401 | D:5      | 6401 ||| FLEEEEING.
  6402 | D:5      | 6402 ||| FLEEEEING.
  6403 | D:5      | 6403 ||| FLEEEEING.
  6404 | D:5      | 6404 ||| FLEEEEING.
  6405 | D:5      | 6405 ||| FLEEEEING.
  6406 | D:5      | 6406 ||| FLEEEEING.
  6411 | D:5      | 6411 ||| FLEEEEING.
  6412 | D:5      | 6412 ||| FLEEEEING.
  6413 | D:5      | 6413 ||| FLEEEEING.
  6414 | D:5      | 6414 ||| FLEEEEING.
  6415 | D:5      | 6415 ||| FLEEEEING.
  6416 | D:5      | 6416 ||| FLEEEEING.
  6424 | D:5      | 6424 ||| FLEEEEING.
  6427 | D:5      | 6427 ||| STAIRDANCE
  6434 | D:5      | 6434 ||| STAIRDANCE
  6518 | Temple   | Entered the Ecumenical Temple
  6519 | Temple   | 6519 ||| PLANNING OKAWARU WORSHIP
  6583 | Temple   | Became a worshipper of Warmaster Okawaru
  6584 | Temple   | 6584 ||| PLANNING D:1-11
  6802 | D:5      | Found a transporter.
  6839 | D:5      | Noticed a wyvern
  6840 | D:5      | Found a transporter.
  6886 | D:5      | Found Liutsig's Weapon Boutique.
  6895 | D:5      | 6895 ||| Stepping ~*~*~tactically~*~*~ (stealth).
  6935 | D:5      | 6935 ||| Stepping ~*~*~tactically~*~*~ (stealth).
  6997 | D:5      | Found a basalt altar of Yredelemnul.
  7000 | D:5      | Found a radiant altar of Vehumet.
  7184 | D:5      | 7184 ||| DROPPING ring of flight.
  7207 | D:6      | Noticed Prince Ribbit
  7208 | D:6      | 7208 ||| Stepping ~*~*~tactically~*~*~ (hiding).
  7230 | D:6      | 7230 ||| DRINKING potion of curing.
  7230 | D:6      | 7230 ||| (to cure confusion)
  7249 | D:6      | Reached skill level 1 in Throwing
  7263 | D:6      | Killed Prince Ribbit
  7297 | D:6      | Reached * piety under Okawaru
  7366 | D:6      | Noticed a troll
  7367 | D:6      | 7367 ||| INVOKING Heroism.
  7372 | D:6      | Killed a troll
  7373 | D:6      | Reached skill level 8 in Axes
  7373 | D:6      | Reached XP level 9. HP: 54/54 MP: 6/10
  7431 | D:6      | 7431 ||| INVOKING Heroism.
  7552 | D:6      | Reached skill level 3 in Invocations
  7557 | D:6      | 7557 ||| Stepping ~*~*~tactically~*~*~ (stealth).
  7606 | D:6      | 7606 ||| Stepping ~*~*~tactically~*~*~ (stealth).
  7610 | D:6      | 7610 ||| Stepping ~*~*~tactically~*~*~ (stealth).
  7613 | D:6      | 7613 ||| INVOKING Heroism.
  7629 | D:6      | 7629 ||| INVOKING Heroism.
  7649 | D:6      | 7649 ||| INVOKING Heroism.
  7652 | D:6      | Reached skill level 6 in Fighting
  7720 | D:6      | Found a glowing silver altar of Zin.
  7722 | D:6      | 7722 ||| INVOKING Heroism.
  7741 | D:6      | 7741 ||| Stepping ~*~*~tactically~*~*~ (stealth).
  7743 | D:6      | 7743 ||| Stepping ~*~*~tactically~*~*~ (stealth).
  7996 | D:6      | 7996 ||| UPGRADING to +0 pair of boots.
  8011 | D:6      | 8011 ||| READING scroll of teleportation.
  8012 | D:6      | 8012 ||| STAIRDANCE
  8037 | D:6      | 8037 ||| Stepping randomly (stuck).
  8043 | D:6      | 8043 ||| Stepping randomly (stuck).
  8049 | D:6      | 8049 ||| Stepping randomly (stuck).
  8055 | D:6      | 8055 ||| Stepping randomly (stuck).
  8061 | D:6      | 8061 ||| Stepping randomly (stuck).
  8067 | D:6      | 8067 ||| Stepping randomly (stuck).
  8073 | D:6      | 8073 ||| Stepping randomly (stuck).
  8079 | D:6      | 8079 ||| Stepping randomly (stuck).
  8085 | D:6      | 8085 ||| Stepping randomly (stuck).
  8091 | D:6      | 8091 ||| Stepping randomly (stuck).
  8097 | D:6      | 8097 ||| Stepping randomly (stuck).
  8103 | D:6      | 8103 ||| Stepping randomly (stuck).
  8109 | D:6      | 8109 ||| Stepping randomly (stuck).
  8115 | D:6      | 8115 ||| Stepping randomly (stuck).
  8121 | D:6      | 8121 ||| Stepping randomly (stuck).
  8127 | D:6      | 8127 ||| Stepping randomly (stuck).
  8133 | D:6      | 8133 ||| Stepping randomly (stuck).
  8139 | D:6      | 8139 ||| Stepping randomly (stuck).
  8145 | D:6      | 8145 ||| Stepping randomly (stuck).
  8151 | D:6      | 8151 ||| Stepping randomly (stuck).
  8157 | D:6      | 8157 ||| Stepping randomly (stuck).
  8163 | D:6      | 8163 ||| Stepping randomly (stuck).
  8169 | D:6      | 8169 ||| Stepping randomly (stuck).
  8175 | D:6      | 8175 ||| Stepping randomly (stuck).
  8181 | D:6      | 8181 ||| Stepping randomly (stuck).
  8187 | D:6      | 8187 ||| Stepping randomly (stuck).
  8193 | D:6      | 8193 ||| Stepping randomly (stuck).
  8199 | D:6      | 8199 ||| Stepping randomly (stuck).
  8205 | D:6      | 8205 ||| Stepping randomly (stuck).
  8211 | D:6      | 8211 ||| Stepping randomly (stuck).
  8217 | D:6      | 8217 ||| Stepping randomly (stuck).
  8223 | D:6      | 8223 ||| Stepping randomly (stuck).
  8229 | D:6      | 8229 ||| Stepping randomly (stuck).
  8235 | D:6      | 8235 ||| Stepping randomly (stuck).
  8241 | D:6      | 8241 ||| Stepping randomly (stuck).
  8247 | D:6      | 8247 ||| Stepping randomly (stuck).
  8253 | D:6      | 8253 ||| Stepping randomly (stuck).
  8259 | D:6      | 8259 ||| Stepping randomly (stuck).
  8265 | D:6      | 8265 ||| Stepping randomly (stuck).
  8271 | D:6      | 8271 ||| Stepping randomly (stuck).
  8277 | D:6      | 8277 ||| Stepping randomly (stuck).
  8283 | D:6      | 8283 ||| Stepping randomly (stuck).
  8289 | D:6      | 8289 ||| Stepping randomly (stuck).
  8295 | D:6      | 8295 ||| Stepping randomly (stuck).
  8301 | D:6      | 8301 ||| Stepping randomly (stuck).
  8307 | D:6      | 8307 ||| Stepping randomly (stuck).
  8313 | D:6      | 8313 ||| Stepping randomly (stuck).
  8319 | D:6      | 8319 ||| Stepping randomly (stuck).
  8325 | D:6      | 8325 ||| Stepping randomly (stuck).
  8331 | D:6      | 8331 ||| Stepping randomly (stuck).
  8337 | D:6      | 8337 ||| Stepping randomly (stuck).
  8343 | D:6      | 8343 ||| Stepping randomly (stuck).
  8349 | D:6      | 8349 ||| Stepping randomly (stuck).
  8355 | D:6      | 8355 ||| Stepping randomly (stuck).
  8361 | D:6      | 8361 ||| Stepping randomly (stuck).
  8367 | D:6      | 8367 ||| Stepping randomly (stuck).
  8373 | D:6      | 8373 ||| Stepping randomly (stuck).
  8379 | D:6      | 8379 ||| Stepping randomly (stuck).
  8385 | D:6      | 8385 ||| Stepping randomly (stuck).
  8391 | D:6      | 8391 ||| Stepping randomly (stuck).
  8397 | D:6      | 8397 ||| Stepping randomly (stuck).
  8403 | D:6      | 8403 ||| Stepping randomly (stuck).
  8409 | D:6      | 8409 ||| Stepping randomly (stuck).
  8415 | D:6      | 8415 ||| Stepping randomly (stuck).
  8421 | D:6      | 8421 ||| Stepping randomly (stuck).
  8427 | D:6      | 8427 ||| Stepping randomly (stuck).
  8433 | D:6      | 8433 ||| Stepping randomly (stuck).
  8439 | D:6      | 8439 ||| Stepping randomly (stuck).
  8445 | D:6      | 8445 ||| Stepping randomly (stuck).
  8451 | D:6      | 8451 ||| Stepping randomly (stuck).
  8457 | D:6      | 8457 ||| Stepping randomly (stuck).
  8463 | D:6      | 8463 ||| Stepping randomly (stuck).
  8469 | D:6      | 8469 ||| Stepping randomly (stuck).
  8475 | D:6      | 8475 ||| Stepping randomly (stuck).
  8481 | D:6      | 8481 ||| Stepping randomly (stuck).
  8487 | D:6      | 8487 ||| Stepping randomly (stuck).
  8493 | D:6      | 8493 ||| Stepping randomly (stuck).
  8499 | D:6      | 8499 ||| Stepping randomly (stuck).
  8505 | D:6      | 8505 ||| Stepping randomly (stuck).
  8511 | D:6      | 8511 ||| Stepping randomly (stuck).
  8517 | D:6      | 8517 ||| Stepping randomly (stuck).
  8523 | D:6      | 8523 ||| Stepping randomly (stuck).
  8529 | D:6      | 8529 ||| Stepping randomly (stuck).
  8535 | D:6      | 8535 ||| Stepping randomly (stuck).
  8541 | D:6      | 8541 ||| Stepping randomly (stuck).
  8547 | D:6      | 8547 ||| Stepping randomly (stuck).
  8553 | D:6      | 8553 ||| Stepping randomly (stuck).
  8559 | D:6      | 8559 ||| Stepping randomly (stuck).
  8565 | D:6      | 8565 ||| Stepping randomly (stuck).
  8571 | D:6      | 8571 ||| Stepping randomly (stuck).
  8577 | D:6      | 8577 ||| Stepping randomly (stuck).
  8583 | D:6      | 8583 ||| Stepping randomly (stuck).
  8589 | D:6      | 8589 ||| Stepping randomly (stuck).
  8595 | D:6      | 8595 ||| Stepping randomly (stuck).
  8601 | D:6      | 8601 ||| Stepping randomly (stuck).
  8607 | D:6      | 8607 ||| Stepping randomly (stuck).
  8613 | D:6      | 8613 ||| Stepping randomly (stuck).
  8619 | D:6      | 8619 ||| Stepping randomly (stuck).
  8625 | D:6      | 8625 ||| Stepping randomly (stuck).
  8631 | D:6      | 8631 ||| Stepping randomly (stuck).
  8637 | D:6      | 8637 ||| Stepping randomly (stuck).
  8643 | D:6      | 8643 ||| Stepping randomly (stuck).
  8649 | D:6      | 8649 ||| Stepping randomly (stuck).
  8655 | D:6      | 8655 ||| Stepping randomly (stuck).
  8661 | D:6      | 8661 ||| Stepping randomly (stuck).
  8667 | D:6      | 8667 ||| Stepping randomly (stuck).
  8673 | D:6      | 8673 ||| Stepping randomly (stuck).
  8679 | D:6      | 8679 ||| Stepping randomly (stuck).
  8685 | D:6      | 8685 ||| Stepping randomly (stuck).
  8691 | D:6      | 8691 ||| Stepping randomly (stuck).
  8697 | D:6      | 8697 ||| Stepping randomly (stuck).
  8703 | D:6      | 8703 ||| Stepping randomly (stuck).
  8709 | D:6      | 8709 ||| Stepping randomly (stuck).
  8715 | D:6      | 8715 ||| Stepping randomly (stuck).
  8721 | D:6      | 8721 ||| Stepping randomly (stuck).
  8727 | D:6      | 8727 ||| Stepping randomly (stuck).
  8733 | D:6      | 8733 ||| Stepping randomly (stuck).
  8739 | D:6      | 8739 ||| Stepping randomly (stuck).
  8745 | D:6      | 8745 ||| Stepping randomly (stuck).
  8751 | D:6      | 8751 ||| Stepping randomly (stuck).
  8757 | D:6      | 8757 ||| Stepping randomly (stuck).
  8763 | D:6      | 8763 ||| Stepping randomly (stuck).
  8769 | D:6      | 8769 ||| Stepping randomly (stuck).
  8775 | D:6      | 8775 ||| Stepping randomly (stuck).
  8781 | D:6      | 8781 ||| Stepping randomly (stuck).
  8787 | D:6      | 8787 ||| Stepping randomly (stuck).
  8793 | D:6      | 8793 ||| Stepping randomly (stuck).
  8799 | D:6      | 8799 ||| Stepping randomly (stuck).
  8805 | D:6      | 8805 ||| Stepping randomly (stuck).
  8811 | D:6      | 8811 ||| Stepping randomly (stuck).
  8817 | D:6      | 8817 ||| Stepping randomly (stuck).
  8823 | D:6      | 8823 ||| Stepping randomly (stuck).
  8829 | D:6      | 8829 ||| Stepping randomly (stuck).
  8835 | D:6      | 8835 ||| Stepping randomly (stuck).
  8841 | D:6      | 8841 ||| Stepping randomly (stuck).
  8847 | D:6      | 8847 ||| Stepping randomly (stuck).
  8853 | D:6      | 8853 ||| Stepping randomly (stuck).
  8859 | D:6      | 8859 ||| Stepping randomly (stuck).
  8865 | D:6      | 8865 ||| Stepping randomly (stuck).
  8871 | D:6      | 8871 ||| Stepping randomly (stuck).
  8877 | D:6      | 8877 ||| Stepping randomly (stuck).
  8883 | D:6      | 8883 ||| Stepping randomly (stuck).
  8889 | D:6      | 8889 ||| Stepping randomly (stuck).
  8895 | D:6      | 8895 ||| Stepping randomly (stuck).
  8901 | D:6      | 8901 ||| Stepping randomly (stuck).
  8907 | D:6      | 8907 ||| Stepping randomly (stuck).
  8913 | D:6      | 8913 ||| Stepping randomly (stuck).
  8919 | D:6      | 8919 ||| Stepping randomly (stuck).
  8925 | D:6      | 8925 ||| Stepping randomly (stuck).
  8931 | D:6      | 8931 ||| Stepping randomly (stuck).
  8937 | D:6      | 8937 ||| Stepping randomly (stuck).
  8943 | D:6      | 8943 ||| Stepping randomly (stuck).
  8949 | D:6      | 8949 ||| Stepping randomly (stuck).
  8955 | D:6      | 8955 ||| Stepping randomly (stuck).
  8961 | D:6      | 8961 ||| Stepping randomly (stuck).
  8967 | D:6      | 8967 ||| Stepping randomly (stuck).
  8973 | D:6      | 8973 ||| Stepping randomly (stuck).
  8979 | D:6      | 8979 ||| Stepping randomly (stuck).
  8985 | D:6      | 8985 ||| Stepping randomly (stuck).
  8991 | D:6      | 8991 ||| Stepping randomly (stuck).
  8997 | D:6      | 8997 ||| Stepping randomly (stuck).
  9003 | D:6      | 9003 ||| Stepping randomly (stuck).
  9009 | D:6      | 9009 ||| Stepping randomly (stuck).
  9015 | D:6      | 9015 ||| Stepping randomly (stuck).
  9021 | D:6      | 9021 ||| Stepping randomly (stuck).
  9027 | D:6      | 9027 ||| Stepping randomly (stuck).
  9033 | D:6      | 9033 ||| Stepping randomly (stuck).
  9039 | D:6      | 9039 ||| Stepping randomly (stuck).
  9045 | D:6      | 9045 ||| Stepping randomly (stuck).
  9051 | D:6      | 9051 ||| Stepping randomly (stuck).
  9057 | D:6      | 9057 ||| Stepping randomly (stuck).
  9063 | D:6      | 9063 ||| Stepping randomly (stuck).
  9069 | D:6      | 9069 ||| Stepping randomly (stuck).
  9075 | D:6      | 9075 ||| Stepping randomly (stuck).
  9081 | D:6      | 9081 ||| Stepping randomly (stuck).
  9087 | D:6      | 9087 ||| Stepping randomly (stuck).
  9093 | D:6      | 9093 ||| Stepping randomly (stuck).
  9099 | D:6      | 9099 ||| Stepping randomly (stuck).
  9105 | D:6      | 9105 ||| Stepping randomly (stuck).
  9111 | D:6      | 9111 ||| Stepping randomly (stuck).
  9117 | D:6      | 9117 ||| Stepping randomly (stuck).
  9123 | D:6      | 9123 ||| Stepping randomly (stuck).
  9129 | D:6      | 9129 ||| Stepping randomly (stuck).
  9135 | D:6      | 9135 ||| Stepping randomly (stuck).
  9141 | D:6      | 9141 ||| Stepping randomly (stuck).
  9147 | D:6      | 9147 ||| Stepping randomly (stuck).
  9153 | D:6      | 9153 ||| Stepping randomly (stuck).
  9159 | D:6      | 9159 ||| Stepping randomly (stuck).
  9165 | D:6      | 9165 ||| Stepping randomly (stuck).
  9171 | D:6      | 9171 ||| Stepping randomly (stuck).
  9177 | D:6      | 9177 ||| Stepping randomly (stuck).
  9183 | D:6      | 9183 ||| Stepping randomly (stuck).
  9189 | D:6      | 9189 ||| Stepping randomly (stuck).
  9195 | D:6      | 9195 ||| Stepping randomly (stuck).
  9201 | D:6      | 9201 ||| Stepping randomly (stuck).
  9207 | D:6      | 9207 ||| Stepping randomly (stuck).
  9213 | D:6      | 9213 ||| Stepping randomly (stuck).
  9219 | D:6      | 9219 ||| Stepping randomly (stuck).
  9225 | D:6      | 9225 ||| Stepping randomly (stuck).
  9231 | D:6      | 9231 ||| Stepping randomly (stuck).
  9237 | D:6      | 9237 ||| Stepping randomly (stuck).
  9243 | D:6      | 9243 ||| Stepping randomly (stuck).
  9249 | D:6      | 9249 ||| Stepping randomly (stuck).
  9255 | D:6      | 9255 ||| Stepping randomly (stuck).
  9261 | D:6      | 9261 ||| Stepping randomly (stuck).
  9267 | D:6      | 9267 ||| Stepping randomly (stuck).
  9273 | D:6      | 9273 ||| Stepping randomly (stuck).
  9279 | D:6      | 9279 ||| Stepping randomly (stuck).
  9285 | D:6      | 9285 ||| Stepping randomly (stuck).
  9291 | D:6      | 9291 ||| Stepping randomly (stuck).
  9297 | D:6      | 9297 ||| Stepping randomly (stuck).
  9303 | D:6      | 9303 ||| Stepping randomly (stuck).
  9309 | D:6      | 9309 ||| Stepping randomly (stuck).
  9315 | D:6      | 9315 ||| Stepping randomly (stuck).
  9321 | D:6      | 9321 ||| Stepping randomly (stuck).
  9327 | D:6      | 9327 ||| Stepping randomly (stuck).
  9333 | D:6      | 9333 ||| Stepping randomly (stuck).
  9339 | D:6      | 9339 ||| Stepping randomly (stuck).
  9345 | D:6      | 9345 ||| Stepping randomly (stuck).
  9351 | D:6      | 9351 ||| Stepping randomly (stuck).
  9357 | D:6      | 9357 ||| Stepping randomly (stuck).
  9363 | D:6      | 9363 ||| Stepping randomly (stuck).
  9369 | D:6      | 9369 ||| Stepping randomly (stuck).
  9375 | D:6      | 9375 ||| Stepping randomly (stuck).
  9381 | D:6      | 9381 ||| Stepping randomly (stuck).
  9387 | D:6      | 9387 ||| Stepping randomly (stuck).
  9393 | D:6      | 9393 ||| Stepping randomly (stuck).
  9399 | D:6      | 9399 ||| Stepping randomly (stuck).
  9405 | D:6      | 9405 ||| Stepping randomly (stuck).
  9411 | D:6      | 9411 ||| Stepping randomly (stuck).
  9417 | D:6      | 9417 ||| Stepping randomly (stuck).
  9423 | D:6      | 9423 ||| Stepping randomly (stuck).
  9429 | D:6      | 9429 ||| Stepping randomly (stuck).
  9435 | D:6      | 9435 ||| Stepping randomly (stuck).
  9441 | D:6      | 9441 ||| Stepping randomly (stuck).
  9447 | D:6      | 9447 ||| Stepping randomly (stuck).
  9453 | D:6      | 9453 ||| Stepping randomly (stuck).
  9459 | D:6      | 9459 ||| Stepping randomly (stuck).
  9465 | D:6      | 9465 ||| Stepping randomly (stuck).
  9471 | D:6      | 9471 ||| Stepping randomly (stuck).
  9477 | D:6      | 9477 ||| Stepping randomly (stuck).
  9483 | D:6      | 9483 ||| Stepping randomly (stuck).
  9489 | D:6      | 9489 ||| Stepping randomly (stuck).
  9495 | D:6      | 9495 ||| Stepping randomly (stuck).
  9501 | D:6      | 9501 ||| Stepping randomly (stuck).
  9507 | D:6      | 9507 ||| Stepping randomly (stuck).
  9513 | D:6      | 9513 ||| Stepping randomly (stuck).
  9519 | D:6      | 9519 ||| Stepping randomly (stuck).
  9525 | D:6      | 9525 ||| Stepping randomly (stuck).
  9531 | D:6      | 9531 ||| Stepping randomly (stuck).
  9537 | D:6      | 9537 ||| Stepping randomly (stuck).
  9543 | D:6      | 9543 ||| Stepping randomly (stuck).
  9549 | D:6      | 9549 ||| Stepping randomly (stuck).
  9555 | D:6      | 9555 ||| Stepping randomly (stuck).
  9561 | D:6      | 9561 ||| Stepping randomly (stuck).
  9567 | D:6      | 9567 ||| Stepping randomly (stuck).
  9573 | D:6      | 9573 ||| Stepping randomly (stuck).
  9579 | D:6      | 9579 ||| Stepping randomly (stuck).
  9585 | D:6      | 9585 ||| Stepping randomly (stuck).
  9591 | D:6      | 9591 ||| Stepping randomly (stuck).
  9597 | D:6      | 9597 ||| Stepping randomly (stuck).
  9603 | D:6      | 9603 ||| Stepping randomly (stuck).
  9609 | D:6      | 9609 ||| Stepping randomly (stuck).
  9615 | D:6      | 9615 ||| Stepping randomly (stuck).
  9621 | D:6      | 9621 ||| Stepping randomly (stuck).
  9627 | D:6      | 9627 ||| Stepping randomly (stuck).
  9633 | D:6      | 9633 ||| Stepping randomly (stuck).
  9639 | D:6      | 9639 ||| Stepping randomly (stuck).
  9645 | D:6      | 9645 ||| Stepping randomly (stuck).
  9651 | D:6      | 9651 ||| Stepping randomly (stuck).
  9657 | D:6      | 9657 ||| Stepping randomly (stuck).
  9663 | D:6      | 9663 ||| Stepping randomly (stuck).
  9669 | D:6      | 9669 ||| Stepping randomly (stuck).
  9675 | D:6      | 9675 ||| Stepping randomly (stuck).
  9681 | D:6      | 9681 ||| Stepping randomly (stuck).
  9687 | D:6      | 9687 ||| Stepping randomly (stuck).
  9693 | D:6      | 9693 ||| Stepping randomly (stuck).
  9699 | D:6      | 9699 ||| Stepping randomly (stuck).
  9705 | D:6      | 9705 ||| Stepping randomly (stuck).
  9711 | D:6      | 9711 ||| Stepping randomly (stuck).
  9717 | D:6      | 9717 ||| Stepping randomly (stuck).
  9723 | D:6      | 9723 ||| Stepping randomly (stuck).
  9729 | D:6      | 9729 ||| Stepping randomly (stuck).
  9735 | D:6      | 9735 ||| Stepping randomly (stuck).
  9741 | D:6      | 9741 ||| Stepping randomly (stuck).
  9747 | D:6      | 9747 ||| Stepping randomly (stuck).
  9753 | D:6      | 9753 ||| Stepping randomly (stuck).
  9759 | D:6      | 9759 ||| Stepping randomly (stuck).
  9765 | D:6      | 9765 ||| Stepping randomly (stuck).
  9771 | D:6      | 9771 ||| Stepping randomly (stuck).
  9777 | D:6      | 9777 ||| Stepping randomly (stuck).
  9783 | D:6      | 9783 ||| Stepping randomly (stuck).
  9789 | D:6      | 9789 ||| Stepping randomly (stuck).
  9795 | D:6      | 9795 ||| Stepping randomly (stuck).
  9801 | D:6      | 9801 ||| Stepping randomly (stuck).
  9807 | D:6      | 9807 ||| Stepping randomly (stuck).
  9813 | D:6      | 9813 ||| Stepping randomly (stuck).
  9819 | D:6      | 9819 ||| Stepping randomly (stuck).
  9825 | D:6      | 9825 ||| Stepping randomly (stuck).
  9831 | D:6      | 9831 ||| Stepping randomly (stuck).
  9837 | D:6      | 9837 ||| Stepping randomly (stuck).
  9843 | D:6      | 9843 ||| Stepping randomly (stuck).
  9849 | D:6      | 9849 ||| Stepping randomly (stuck).
  9855 | D:6      | 9855 ||| Stepping randomly (stuck).
  9861 | D:6      | 9861 ||| Stepping randomly (stuck).
  9867 | D:6      | 9867 ||| Stepping randomly (stuck).
  9873 | D:6      | 9873 ||| Stepping randomly (stuck).
  9879 | D:6      | 9879 ||| Stepping randomly (stuck).
  9885 | D:6      | 9885 ||| Stepping randomly (stuck).
  9891 | D:6      | 9891 ||| Stepping randomly (stuck).
  9897 | D:6      | 9897 ||| Stepping randomly (stuck).
  9903 | D:6      | 9903 ||| Stepping randomly (stuck).
  9909 | D:6      | 9909 ||| Stepping randomly (stuck).
  9915 | D:6      | 9915 ||| Stepping randomly (stuck).
  9921 | D:6      | 9921 ||| Stepping randomly (stuck).
  9927 | D:6      | 9927 ||| Stepping randomly (stuck).
  9933 | D:6      | 9933 ||| Stepping randomly (stuck).
  9939 | D:6      | 9939 ||| Stepping randomly (stuck).
  9945 | D:6      | 9945 ||| Stepping randomly (stuck).
  9951 | D:6      | 9951 ||| Stepping randomly (stuck).
  9957 | D:6      | 9957 ||| Stepping randomly (stuck).
  9963 | D:6      | 9963 ||| Stepping randomly (stuck).
  9969 | D:6      | 9969 ||| Stepping randomly (stuck).
  9975 | D:6      | 9975 ||| Stepping randomly (stuck).
  9981 | D:6      | 9981 ||| Stepping randomly (stuck).
  9987 | D:6      | 9987 ||| Stepping randomly (stuck).
  9993 | D:6      | 9993 ||| Stepping randomly (stuck).
  9999 | D:6      | 9999 ||| Stepping randomly (stuck).
 10005 | D:6      | 10005 ||| Stepping randomly (stuck).
 10011 | D:6      | 10011 ||| Stepping randomly (stuck).
 10017 | D:6      | 10017 ||| Stepping randomly (stuck).
 10023 | D:6      | 10023 ||| Stepping randomly (stuck).
 10029 | D:6      | 10029 ||| Stepping randomly (stuck).
 10035 | D:6      | 10035 ||| Stepping randomly (stuck).
 10041 | D:6      | 10041 ||| Stepping randomly (stuck).
 10047 | D:6      | 10047 ||| Stepping randomly (stuck).
 10053 | D:6      | 10053 ||| Stepping randomly (stuck).
 10059 | D:6      | 10059 ||| Stepping randomly (stuck).
 10065 | D:6      | 10065 ||| Stepping randomly (stuck).
 10071 | D:6      | 10071 ||| Stepping randomly (stuck).
 10077 | D:6      | 10077 ||| Stepping randomly (stuck).
 10083 | D:6      | 10083 ||| Stepping randomly (stuck).
 10089 | D:6      | 10089 ||| Stepping randomly (stuck).
 10095 | D:6      | 10095 ||| Stepping randomly (stuck).
 10101 | D:6      | 10101 ||| Stepping randomly (stuck).
 10107 | D:6      | 10107 ||| Stepping randomly (stuck).
 10113 | D:6      | 10113 ||| Stepping randomly (stuck).
 10119 | D:6      | 10119 ||| Stepping randomly (stuck).
 10125 | D:6      | 10125 ||| Stepping randomly (stuck).
 10131 | D:6      | 10131 ||| Stepping randomly (stuck).
 10137 | D:6      | 10137 ||| Stepping randomly (stuck).
 10143 | D:6      | 10143 ||| Stepping randomly (stuck).
 10149 | D:6      | 10149 ||| Stepping randomly (stuck).
 10155 | D:6      | 10155 ||| Stepping randomly (stuck).
 10161 | D:6      | 10161 ||| Stepping randomly (stuck).
 10167 | D:6      | 10167 ||| Stepping randomly (stuck).
 10173 | D:6      | 10173 ||| Stepping randomly (stuck).
 10179 | D:6      | 10179 ||| Stepping randomly (stuck).
 10185 | D:6      | 10185 ||| Stepping randomly (stuck).
 10191 | D:6      | 10191 ||| Stepping randomly (stuck).
 10197 | D:6      | 10197 ||| Stepping randomly (stuck).
 10203 | D:6      | 10203 ||| Stepping randomly (stuck).
 10209 | D:6      | 10209 ||| Stepping randomly (stuck).
 10215 | D:6      | 10215 ||| Stepping randomly (stuck).
 10221 | D:6      | 10221 ||| Stepping randomly (stuck).
 10227 | D:6      | 10227 ||| Stepping randomly (stuck).
 10233 | D:6      | 10233 ||| Stepping randomly (stuck).
 10239 | D:6      | 10239 ||| Stepping randomly (stuck).
 10245 | D:6      | 10245 ||| Stepping randomly (stuck).
 10251 | D:6      | 10251 ||| Stepping randomly (stuck).
 10257 | D:6      | 10257 ||| Stepping randomly (stuck).
 10263 | D:6      | 10263 ||| Stepping randomly (stuck).
 10269 | D:6      | 10269 ||| Stepping randomly (stuck).
 10275 | D:6      | 10275 ||| Stepping randomly (stuck).
 10281 | D:6      | 10281 ||| Stepping randomly (stuck).
 10287 | D:6      | 10287 ||| Stepping randomly (stuck).
 10293 | D:6      | 10293 ||| Stepping randomly (stuck).
 10299 | D:6      | 10299 ||| Stepping randomly (stuck).
 10305 | D:6      | 10305 ||| Stepping randomly (stuck).
 10311 | D:6      | 10311 ||| Stepping randomly (stuck).
 10317 | D:6      | 10317 ||| Stepping randomly (stuck).
 10323 | D:6      | 10323 ||| Stepping randomly (stuck).
 10329 | D:6      | 10329 ||| Stepping randomly (stuck).
 10335 | D:6      | 10335 ||| Stepping randomly (stuck).
 10341 | D:6      | 10341 ||| Stepping randomly (stuck).
 10347 | D:6      | 10347 ||| Stepping randomly (stuck).
 10353 | D:6      | 10353 ||| Stepping randomly (stuck).
 10359 | D:6      | 10359 ||| Stepping randomly (stuck).
 10365 | D:6      | 10365 ||| Stepping randomly (stuck).
 10371 | D:6      | 10371 ||| Stepping randomly (stuck).
 10377 | D:6      | 10377 ||| Stepping randomly (stuck).
 10383 | D:6      | 10383 ||| Stepping randomly (stuck).
 10389 | D:6      | 10389 ||| Stepping randomly (stuck).
 10395 | D:6      | 10395 ||| Stepping randomly (stuck).
 10401 | D:6      | 10401 ||| Stepping randomly (stuck).
 10407 | D:6      | 10407 ||| Stepping randomly (stuck).
 10413 | D:6      | 10413 ||| Stepping randomly (stuck).
 10419 | D:6      | 10419 ||| Stepping randomly (stuck).
 10425 | D:6      | 10425 ||| Stepping randomly (stuck).
 10431 | D:6      | 10431 ||| Stepping randomly (stuck).
 10437 | D:6      | 10437 ||| Stepping randomly (stuck).
 10443 | D:6      | 10443 ||| Stepping randomly (stuck).
 10449 | D:6      | 10449 ||| Stepping randomly (stuck).
 10455 | D:6      | 10455 ||| Stepping randomly (stuck).
 10461 | D:6      | 10461 ||| Stepping randomly (stuck).
 10467 | D:6      | 10467 ||| Stepping randomly (stuck).
 10473 | D:6      | 10473 ||| Stepping randomly (stuck).
 10479 | D:6      | 10479 ||| Stepping randomly (stuck).
 10485 | D:6      | 10485 ||| Stepping randomly (stuck).
 10491 | D:6      | 10491 ||| Stepping randomly (stuck).
 10497 | D:6      | 10497 ||| Stepping randomly (stuck).
 10503 | D:6      | 10503 ||| Stepping randomly (stuck).
 10509 | D:6      | 10509 ||| Stepping randomly (stuck).
 10515 | D:6      | 10515 ||| Stepping randomly (stuck).
 10521 | D:6      | 10521 ||| Stepping randomly (stuck).
 10527 | D:6      | 10527 ||| Stepping randomly (stuck).
 10533 | D:6      | 10533 ||| Stepping randomly (stuck).
 10539 | D:6      | 10539 ||| Stepping randomly (stuck).
 10545 | D:6      | 10545 ||| Stepping randomly (stuck).
 10551 | D:6      | 10551 ||| Stepping randomly (stuck).
 10557 | D:6      | 10557 ||| Stepping randomly (stuck).
 10563 | D:6      | 10563 ||| Stepping randomly (stuck).
 10569 | D:6      | 10569 ||| Stepping randomly (stuck).
 10575 | D:6      | 10575 ||| Stepping randomly (stuck).
 10581 | D:6      | 10581 ||| Stepping randomly (stuck).
 10587 | D:6      | 10587 ||| Stepping randomly (stuck).
 10593 | D:6      | 10593 ||| Stepping randomly (stuck).
 10599 | D:6      | 10599 ||| Stepping randomly (stuck).
 10605 | D:6      | 10605 ||| Stepping randomly (stuck).
 10611 | D:6      | 10611 ||| Stepping randomly (stuck).
 10617 | D:6      | 10617 ||| Stepping randomly (stuck).
 10623 | D:6      | 10623 ||| Stepping randomly (stuck).
 10629 | D:6      | 10629 ||| Stepping randomly (stuck).
 10635 | D:6      | 10635 ||| Stepping randomly (stuck).
 10641 | D:6      | 10641 ||| Stepping randomly (stuck).
 10647 | D:6      | 10647 ||| Stepping randomly (stuck).
 10653 | D:6      | 10653 ||| Stepping randomly (stuck).
 10659 | D:6      | 10659 ||| Stepping randomly (stuck).
 10665 | D:6      | 10665 ||| Stepping randomly (stuck).
 10671 | D:6      | 10671 ||| Stepping randomly (stuck).
 10677 | D:6      | 10677 ||| Stepping randomly (stuck).
 10683 | D:6      | 10683 ||| Stepping randomly (stuck).
 10689 | D:6      | 10689 ||| Stepping randomly (stuck).
 10695 | D:6      | 10695 ||| Stepping randomly (stuck).
 10701 | D:6      | 10701 ||| Stepping randomly (stuck).
 10707 | D:6      | 10707 ||| Stepping randomly (stuck).
 10713 | D:6      | 10713 ||| Stepping randomly (stuck).
 10719 | D:6      | 10719 ||| Stepping randomly (stuck).
 10725 | D:6      | 10725 ||| Stepping randomly (stuck).
 10731 | D:6      | 10731 ||| Stepping randomly (stuck).
 10737 | D:6      | 10737 ||| Stepping randomly (stuck).
 10743 | D:6      | 10743 ||| Stepping randomly (stuck).
 10749 | D:6      | 10749 ||| Stepping randomly (stuck).
 10755 | D:6      | 10755 ||| Stepping randomly (stuck).
 10761 | D:6      | 10761 ||| Stepping randomly (stuck).
 10767 | D:6      | 10767 ||| Stepping randomly (stuck).
 10773 | D:6      | 10773 ||| Stepping randomly (stuck).
 10779 | D:6      | 10779 ||| Stepping randomly (stuck).
 10785 | D:6      | 10785 ||| Stepping randomly (stuck).
 10791 | D:6      | 10791 ||| Stepping randomly (stuck).
 10797 | D:6      | 10797 ||| Stepping randomly (stuck).
 10803 | D:6      | 10803 ||| Stepping randomly (stuck).
 10809 | D:6      | 10809 ||| Stepping randomly (stuck).
 10815 | D:6      | 10815 ||| Stepping randomly (stuck).
 10821 | D:6      | 10821 ||| Stepping randomly (stuck).
 10827 | D:6      | 10827 ||| Stepping randomly (stuck).
 10833 | D:6      | 10833 ||| Stepping randomly (stuck).
 10839 | D:6      | 10839 ||| Stepping randomly (stuck).
 10845 | D:6      | 10845 ||| Stepping randomly (stuck).
 10851 | D:6      | 10851 ||| Stepping randomly (stuck).
 10857 | D:6      | 10857 ||| Stepping randomly (stuck).
 10863 | D:6      | 10863 ||| Stepping randomly (stuck).
 10869 | D:6      | 10869 ||| Stepping randomly (stuck).
 10875 | D:6      | 10875 ||| Stepping randomly (stuck).
 10881 | D:6      | 10881 ||| Stepping randomly (stuck).
 10887 | D:6      | 10887 ||| Stepping randomly (stuck).
 10893 | D:6      | 10893 ||| Stepping randomly (stuck).
 10899 | D:6      | 10899 ||| Stepping randomly (stuck).
 10905 | D:6      | 10905 ||| Stepping randomly (stuck).
 10911 | D:6      | 10911 ||| Stepping randomly (stuck).
 10917 | D:6      | 10917 ||| Stepping randomly (stuck).
 10923 | D:6      | 10923 ||| Stepping randomly (stuck).
 10929 | D:6      | 10929 ||| Stepping randomly (stuck).
 10935 | D:6      | 10935 ||| Stepping randomly (stuck).
 10941 | D:6      | 10941 ||| Stepping randomly (stuck).
 10947 | D:6      | 10947 ||| Stepping randomly (stuck).
 10953 | D:6      | 10953 ||| Stepping randomly (stuck).
 10959 | D:6      | 10959 ||| Stepping randomly (stuck).
 10965 | D:6      | 10965 ||| Stepping randomly (stuck).
 10971 | D:6      | 10971 ||| Stepping randomly (stuck).
 10977 | D:6      | 10977 ||| Stepping randomly (stuck).
 10983 | D:6      | 10983 ||| Stepping randomly (stuck).
 10989 | D:6      | 10989 ||| Stepping randomly (stuck).
 10995 | D:6      | 10995 ||| Stepping randomly (stuck).
 11001 | D:6      | 11001 ||| Stepping randomly (stuck).
 11007 | D:6      | 11007 ||| Stepping randomly (stuck).
 11013 | D:6      | 11013 ||| Stepping randomly (stuck).
 11019 | D:6      | 11019 ||| Stepping randomly (stuck).
 11025 | D:6      | 11025 ||| Stepping randomly (stuck).
 11031 | D:6      | 11031 ||| Stepping randomly (stuck).
 11037 | D:6      | 11037 ||| Stepping randomly (stuck).
 11043 | D:6      | 11043 ||| Stepping randomly (stuck).
 11049 | D:6      | 11049 ||| Stepping randomly (stuck).
 11055 | D:6      | 11055 ||| Stepping randomly (stuck).
 11061 | D:6      | 11061 ||| Stepping randomly (stuck).
 11067 | D:6      | 11067 ||| Stepping randomly (stuck).
 11073 | D:6      | 11073 ||| Stepping randomly (stuck).
 11079 | D:6      | 11079 ||| Stepping randomly (stuck).
 11085 | D:6      | 11085 ||| Stepping randomly (stuck).
 11091 | D:6      | 11091 ||| Stepping randomly (stuck).
 11097 | D:6      | 11097 ||| Stepping randomly (stuck).
 11103 | D:6      | 11103 ||| Stepping randomly (stuck).
 11109 | D:6      | 11109 ||| Stepping randomly (stuck).
 11115 | D:6      | 11115 ||| Stepping randomly (stuck).
 11121 | D:6      | 11121 ||| Stepping randomly (stuck).
 11127 | D:6      | 11127 ||| Stepping randomly (stuck).
 11133 | D:6      | 11133 ||| Stepping randomly (stuck).
 11139 | D:6      | 11139 ||| Stepping randomly (stuck).
 11145 | D:6      | 11145 ||| Stepping randomly (stuck).
 11151 | D:6      | 11151 ||| Stepping randomly (stuck).
 11157 | D:6      | 11157 ||| Stepping randomly (stuck).
 11163 | D:6      | 11163 ||| Stepping randomly (stuck).
 11169 | D:6      | 11169 ||| Stepping randomly (stuck).
 11175 | D:6      | 11175 ||| Stepping randomly (stuck).
 11181 | D:6      | 11181 ||| Stepping randomly (stuck).
 11187 | D:6      | 11187 ||| Stepping randomly (stuck).
 11193 | D:6      | 11193 ||| Stepping randomly (stuck).
 11199 | D:6      | 11199 ||| Stepping randomly (stuck).
 11205 | D:6      | 11205 ||| Stepping randomly (stuck).
 11211 | D:6      | 11211 ||| Stepping randomly (stuck).
 11217 | D:6      | 11217 ||| Stepping randomly (stuck).
 11223 | D:6      | 11223 ||| Stepping randomly (stuck).
 11229 | D:6      | 11229 ||| Stepping randomly (stuck).
 11235 | D:6      | 11235 ||| Stepping randomly (stuck).
 11241 | D:6      | 11241 ||| Stepping randomly (stuck).
 11247 | D:6      | 11247 ||| Stepping randomly (stuck).
 11253 | D:6      | 11253 ||| Stepping randomly (stuck).
 11259 | D:6      | 11259 ||| Stepping randomly (stuck).
 11265 | D:6      | 11265 ||| Stepping randomly (stuck).
 11271 | D:6      | 11271 ||| Stepping randomly (stuck).
 11277 | D:6      | 11277 ||| Stepping randomly (stuck).
 11283 | D:6      | 11283 ||| Stepping randomly (stuck).
 11289 | D:6      | 11289 ||| Stepping randomly (stuck).
 11295 | D:6      | 11295 ||| Stepping randomly (stuck).
 11301 | D:6      | 11301 ||| Stepping randomly (stuck).
 11307 | D:6      | 11307 ||| Stepping randomly (stuck).
 11313 | D:6      | 11313 ||| Stepping randomly (stuck).
 11319 | D:6      | 11319 ||| Stepping randomly (stuck).
 11325 | D:6      | 11325 ||| Stepping randomly (stuck).
 11331 | D:6      | 11331 ||| Stepping randomly (stuck).
 11337 | D:6      | 11337 ||| Stepping randomly (stuck).
 11343 | D:6      | 11343 ||| Stepping randomly (stuck).
 11349 | D:6      | 11349 ||| Stepping randomly (stuck).
 11355 | D:6      | 11355 ||| Stepping randomly (stuck).
 11361 | D:6      | 11361 ||| Stepping randomly (stuck).
 11367 | D:6      | 11367 ||| Stepping randomly (stuck).
 11373 | D:6      | 11373 ||| Stepping randomly (stuck).
 11379 | D:6      | 11379 ||| Stepping randomly (stuck).
 11385 | D:6      | 11385 ||| Stepping randomly (stuck).
 11391 | D:6      | 11391 ||| Stepping randomly (stuck).
 11397 | D:6      | 11397 ||| Stepping randomly (stuck).
 11403 | D:6      | 11403 ||| Stepping randomly (stuck).
 11409 | D:6      | 11409 ||| Stepping randomly (stuck).
 11415 | D:6      | 11415 ||| Stepping randomly (stuck).
 11421 | D:6      | 11421 ||| Stepping randomly (stuck).
 11427 | D:6      | 11427 ||| Stepping randomly (stuck).
 11433 | D:6      | 11433 ||| Stepping randomly (stuck).
 11439 | D:6      | 11439 ||| Stepping randomly (stuck).
 11445 | D:6      | 11445 ||| Stepping randomly (stuck).
 11451 | D:6      | 11451 ||| Stepping randomly (stuck).
 11457 | D:6      | 11457 ||| Stepping randomly (stuck).
 11463 | D:6      | 11463 ||| Stepping randomly (stuck).
 11469 | D:6      | 11469 ||| Stepping randomly (stuck).
 11475 | D:6      | 11475 ||| Stepping randomly (stuck).
 11481 | D:6      | 11481 ||| Stepping randomly (stuck).
 11487 | D:6      | 11487 ||| Stepping randomly (stuck).
 11493 | D:6      | 11493 ||| Stepping randomly (stuck).
 11499 | D:6      | 11499 ||| Stepping randomly (stuck).
 11505 | D:6      | 11505 ||| Stepping randomly (stuck).
 11511 | D:6      | 11511 ||| Stepping randomly (stuck).
 11517 | D:6      | 11517 ||| Stepping randomly (stuck).
 11523 | D:6      | 11523 ||| Stepping randomly (stuck).
 11529 | D:6      | 11529 ||| Stepping randomly (stuck).
 11535 | D:6      | 11535 ||| Stepping randomly (stuck).
 11541 | D:6      | 11541 ||| Stepping randomly (stuck).
 11547 | D:6      | 11547 ||| Stepping randomly (stuck).
 11553 | D:6      | 11553 ||| Stepping randomly (stuck).
 11559 | D:6      | 11559 ||| Stepping randomly (stuck).
 11565 | D:6      | 11565 ||| Stepping randomly (stuck).
 11571 | D:6      | 11571 ||| Stepping randomly (stuck).
 11577 | D:6      | 11577 ||| Stepping randomly (stuck).
 11583 | D:6      | 11583 ||| Stepping randomly (stuck).
 11589 | D:6      | 11589 ||| Stepping randomly (stuck).
 11595 | D:6      | 11595 ||| Stepping randomly (stuck).
 11601 | D:6      | 11601 ||| Stepping randomly (stuck).
 11607 | D:6      | 11607 ||| Stepping randomly (stuck).
 11613 | D:6      | 11613 ||| Stepping randomly (stuck).
 11619 | D:6      | 11619 ||| Stepping randomly (stuck).
 11625 | D:6      | 11625 ||| Stepping randomly (stuck).
 11631 | D:6      | 11631 ||| Stepping randomly (stuck).
 11637 | D:6      | 11637 ||| Stepping randomly (stuck).
 11643 | D:6      | 11643 ||| Stepping randomly (stuck).
 11649 | D:6      | 11649 ||| Stepping randomly (stuck).
 11655 | D:6      | 11655 ||| Stepping randomly (stuck).
 11661 | D:6      | 11661 ||| Stepping randomly (stuck).
 11667 | D:6      | 11667 ||| Stepping randomly (stuck).
 11673 | D:6      | 11673 ||| Stepping randomly (stuck).
 11679 | D:6      | 11679 ||| Stepping randomly (stuck).
 11685 | D:6      | 11685 ||| Stepping randomly (stuck).
 11691 | D:6      | 11691 ||| Stepping randomly (stuck).
 11697 | D:6      | 11697 ||| Stepping randomly (stuck).
 11703 | D:6      | 11703 ||| Stepping randomly (stuck).
 11709 | D:6      | 11709 ||| Stepping randomly (stuck).
 11715 | D:6      | 11715 ||| Stepping randomly (stuck).
 11721 | D:6      | 11721 ||| Stepping randomly (stuck).
 11727 | D:6      | 11727 ||| Stepping randomly (stuck).
 11733 | D:6      | 11733 ||| Stepping randomly (stuck).
 11739 | D:6      | 11739 ||| Stepping randomly (stuck).
 11745 | D:6      | 11745 ||| Stepping randomly (stuck).
 11751 | D:6      | 11751 ||| Stepping randomly (stuck).
 11757 | D:6      | 11757 ||| Stepping randomly (stuck).
 11763 | D:6      | 11763 ||| Stepping randomly (stuck).
 11769 | D:6      | 11769 ||| Stepping randomly (stuck).
 11775 | D:6      | 11775 ||| Stepping randomly (stuck).
 11781 | D:6      | 11781 ||| Stepping randomly (stuck).
 11787 | D:6      | 11787 ||| Stepping randomly (stuck).
 11793 | D:6      | 11793 ||| Stepping randomly (stuck).
 11799 | D:6      | 11799 ||| Stepping randomly (stuck).
 11805 | D:6      | 11805 ||| Stepping randomly (stuck).
 11811 | D:6      | 11811 ||| Stepping randomly (stuck).
 11817 | D:6      | 11817 ||| Stepping randomly (stuck).
 11823 | D:6      | 11823 ||| Stepping randomly (stuck).
 11829 | D:6      | 11829 ||| Stepping randomly (stuck).
 11835 | D:6      | 11835 ||| Stepping randomly (stuck).
 11841 | D:6      | 11841 ||| Stepping randomly (stuck).
 11847 | D:6      | 11847 ||| Stepping randomly (stuck).
 11853 | D:6      | 11853 ||| Stepping randomly (stuck).
 11859 | D:6      | 11859 ||| Stepping randomly (stuck).
 11865 | D:6      | 11865 ||| Stepping randomly (stuck).
 11871 | D:6      | 11871 ||| Stepping randomly (stuck).
 11877 | D:6      | 11877 ||| Stepping randomly (stuck).
 11883 | D:6      | 11883 ||| Stepping randomly (stuck).
 11889 | D:6      | 11889 ||| Stepping randomly (stuck).
 11895 | D:6      | 11895 ||| Stepping randomly (stuck).
 11901 | D:6      | 11901 ||| Stepping randomly (stuck).
 11907 | D:6      | 11907 ||| Stepping randomly (stuck).
 11913 | D:6      | 11913 ||| Stepping randomly (stuck).
 11919 | D:6      | 11919 ||| Stepping randomly (stuck).
 11925 | D:6      | 11925 ||| Stepping randomly (stuck).
 11931 | D:6      | 11931 ||| Stepping randomly (stuck).
 11937 | D:6      | 11937 ||| Stepping randomly (stuck).
 11943 | D:6      | 11943 ||| Stepping randomly (stuck).
 11949 | D:6      | 11949 ||| Stepping randomly (stuck).
 11955 | D:6      | 11955 ||| Stepping randomly (stuck).
 11961 | D:6      | 11961 ||| Stepping randomly (stuck).
 11967 | D:6      | 11967 ||| Stepping randomly (stuck).
 11973 | D:6      | 11973 ||| Stepping randomly (stuck).
 11979 | D:6      | 11979 ||| Stepping randomly (stuck).
 11985 | D:6      | 11985 ||| Stepping randomly (stuck).
 11991 | D:6      | 11991 ||| Stepping randomly (stuck).
 11997 | D:6      | 11997 ||| Stepping randomly (stuck).
 12003 | D:6      | 12003 ||| Stepping randomly (stuck).
 12009 | D:6      | 12009 ||| Stepping randomly (stuck).
 12015 | D:6      | 12015 ||| Stepping randomly (stuck).
 12021 | D:6      | 12021 ||| Stepping randomly (stuck).
 12027 | D:6      | 12027 ||| Stepping randomly (stuck).
 12033 | D:6      | 12033 ||| Stepping randomly (stuck).
 12039 | D:6      | 12039 ||| Stepping randomly (stuck).
 12045 | D:6      | 12045 ||| Stepping randomly (stuck).
 12051 | D:6      | 12051 ||| Stepping randomly (stuck).
 12057 | D:6      | 12057 ||| Stepping randomly (stuck).
 12063 | D:6      | 12063 ||| Stepping randomly (stuck).
 12069 | D:6      | 12069 ||| Stepping randomly (stuck).
 12075 | D:6      | 12075 ||| Stepping randomly (stuck).
 12081 | D:6      | 12081 ||| Stepping randomly (stuck).
 12087 | D:6      | 12087 ||| Stepping randomly (stuck).
 12093 | D:6      | 12093 ||| Stepping randomly (stuck).
 12099 | D:6      | 12099 ||| Stepping randomly (stuck).
 12105 | D:6      | 12105 ||| Stepping randomly (stuck).
 12111 | D:6      | 12111 ||| Stepping randomly (stuck).
 12117 | D:6      | 12117 ||| Stepping randomly (stuck).
 12123 | D:6      | 12123 ||| Stepping randomly (stuck).
 12129 | D:6      | 12129 ||| Stepping randomly (stuck).
 12135 | D:6      | 12135 ||| Stepping randomly (stuck).
 12141 | D:6      | 12141 ||| Stepping randomly (stuck).
 12147 | D:6      | 12147 ||| Stepping randomly (stuck).
 12153 | D:6      | 12153 ||| Stepping randomly (stuck).
 12159 | D:6      | 12159 ||| Stepping randomly (stuck).
 12165 | D:6      | 12165 ||| Stepping randomly (stuck).
 12171 | D:6      | 12171 ||| Stepping randomly (stuck).
 12177 | D:6      | 12177 ||| Stepping randomly (stuck).
 12183 | D:6      | 12183 ||| Stepping randomly (stuck).
 12189 | D:6      | 12189 ||| Stepping randomly (stuck).
 12195 | D:6      | 12195 ||| Stepping randomly (stuck).
 12201 | D:6      | 12201 ||| Stepping randomly (stuck).
 12207 | D:6      | 12207 ||| Stepping randomly (stuck).
 12213 | D:6      | 12213 ||| Stepping randomly (stuck).
 12219 | D:6      | 12219 ||| Stepping randomly (stuck).
 12225 | D:6      | 12225 ||| Stepping randomly (stuck).
 12231 | D:6      | 12231 ||| Stepping randomly (stuck).
 12237 | D:6      | 12237 ||| Stepping randomly (stuck).
 12243 | D:6      | 12243 ||| Stepping randomly (stuck).
 12249 | D:6      | 12249 ||| Stepping randomly (stuck).
 12255 | D:6      | 12255 ||| Stepping randomly (stuck).
 12261 | D:6      | 12261 ||| Stepping randomly (stuck).
 12267 | D:6      | 12267 ||| Stepping randomly (stuck).
 12273 | D:6      | 12273 ||| Stepping randomly (stuck).
 12279 | D:6      | 12279 ||| Stepping randomly (stuck).
 12285 | D:6      | 12285 ||| Stepping randomly (stuck).
 12291 | D:6      | 12291 ||| Stepping randomly (stuck).
 12297 | D:6      | 12297 ||| Stepping randomly (stuck).
 12303 | D:6      | 12303 ||| Stepping randomly (stuck).
 12309 | D:6      | 12309 ||| Stepping randomly (stuck).
 12315 | D:6      | 12315 ||| Stepping randomly (stuck).
 12321 | D:6      | 12321 ||| Stepping randomly (stuck).
 12327 | D:6      | 12327 ||| Stepping randomly (stuck).
 12333 | D:6      | 12333 ||| Stepping randomly (stuck).
 12339 | D:6      | 12339 ||| Stepping randomly (stuck).
 12345 | D:6      | 12345 ||| Stepping randomly (stuck).
 12351 | D:6      | 12351 ||| Stepping randomly (stuck).
 12357 | D:6      | 12357 ||| Stepping randomly (stuck).
 12363 | D:6      | 12363 ||| Stepping randomly (stuck).
 12369 | D:6      | 12369 ||| Stepping randomly (stuck).
 12375 | D:6      | 12375 ||| Stepping randomly (stuck).
 12381 | D:6      | 12381 ||| Stepping randomly (stuck).
 12387 | D:6      | 12387 ||| Stepping randomly (stuck).
 12393 | D:6      | 12393 ||| Stepping randomly (stuck).
 12399 | D:6      | 12399 ||| Stepping randomly (stuck).
 12405 | D:6      | 12405 ||| Stepping randomly (stuck).
 12411 | D:6      | 12411 ||| Stepping randomly (stuck).
 12417 | D:6      | 12417 ||| Stepping randomly (stuck).
 12423 | D:6      | 12423 ||| Stepping randomly (stuck).
 12429 | D:6      | 12429 ||| Stepping randomly (stuck).
 12435 | D:6      | 12435 ||| Stepping randomly (stuck).
 12441 | D:6      | 12441 ||| Stepping randomly (stuck).
 12447 | D:6      | 12447 ||| Stepping randomly (stuck).
 12453 | D:6      | 12453 ||| Stepping randomly (stuck).
 12459 | D:6      | 12459 ||| Stepping randomly (stuck).
 12465 | D:6      | 12465 ||| Stepping randomly (stuck).
 12471 | D:6      | 12471 ||| Stepping randomly (stuck).
 12477 | D:6      | 12477 ||| Stepping randomly (stuck).
 12483 | D:6      | 12483 ||| Stepping randomly (stuck).
 12489 | D:6      | 12489 ||| Stepping randomly (stuck).
 12495 | D:6      | 12495 ||| Stepping randomly (stuck).
 12501 | D:6      | 12501 ||| Stepping randomly (stuck).
 12507 | D:6      | 12507 ||| Stepping randomly (stuck).
 12513 | D:6      | 12513 ||| Stepping randomly (stuck).
 12519 | D:6      | 12519 ||| Stepping randomly (stuck).
 12525 | D:6      | 12525 ||| Stepping randomly (stuck).
 12531 | D:6      | 12531 ||| Stepping randomly (stuck).
 12537 | D:6      | 12537 ||| Stepping randomly (stuck).
 12543 | D:6      | 12543 ||| Stepping randomly (stuck).
 12549 | D:6      | 12549 ||| Stepping randomly (stuck).
 12555 | D:6      | 12555 ||| Stepping randomly (stuck).
 12561 | D:6      | 12561 ||| Stepping randomly (stuck).
 12567 | D:6      | 12567 ||| Stepping randomly (stuck).
 12573 | D:6      | 12573 ||| Stepping randomly (stuck).
 12579 | D:6      | 12579 ||| Stepping randomly (stuck).
 12585 | D:6      | 12585 ||| Stepping randomly (stuck).
 12591 | D:6      | 12591 ||| Stepping randomly (stuck).
 12597 | D:6      | 12597 ||| Stepping randomly (stuck).
 12603 | D:6      | 12603 ||| Stepping randomly (stuck).
 12609 | D:6      | 12609 ||| Stepping randomly (stuck).
 12615 | D:6      | 12615 ||| Stepping randomly (stuck).
 12621 | D:6      | 12621 ||| Stepping randomly (stuck).
 12627 | D:6      | 12627 ||| Stepping randomly (stuck).
 12633 | D:6      | 12633 ||| Stepping randomly (stuck).
 12639 | D:6      | 12639 ||| Stepping randomly (stuck).
 12645 | D:6      | 12645 ||| Stepping randomly (stuck).
 12651 | D:6      | 12651 ||| Stepping randomly (stuck).
 12657 | D:6      | 12657 ||| Stepping randomly (stuck).
 12663 | D:6      | 12663 ||| Stepping randomly (stuck).
 12669 | D:6      | 12669 ||| Stepping randomly (stuck).
 12675 | D:6      | 12675 ||| Stepping randomly (stuck).
 12681 | D:6      | 12681 ||| Stepping randomly (stuck).
 12687 | D:6      | 12687 ||| Stepping randomly (stuck).
 12693 | D:6      | 12693 ||| Stepping randomly (stuck).
 12699 | D:6      | 12699 ||| Stepping randomly (stuck).
 12705 | D:6      | 12705 ||| Stepping randomly (stuck).
 12711 | D:6      | 12711 ||| Stepping randomly (stuck).
 12717 | D:6      | 12717 ||| Stepping randomly (stuck).
 12723 | D:6      | 12723 ||| Stepping randomly (stuck).
 12729 | D:6      | 12729 ||| Stepping randomly (stuck).
 12735 | D:6      | 12735 ||| Stepping randomly (stuck).
 12741 | D:6      | 12741 ||| Stepping randomly (stuck).
 12747 | D:6      | 12747 ||| Stepping randomly (stuck).
 12753 | D:6      | 12753 ||| Stepping randomly (stuck).
 12759 | D:6      | 12759 ||| Stepping randomly (stuck).
 12765 | D:6      | 12765 ||| Stepping randomly (stuck).
 12771 | D:6      | 12771 ||| Stepping randomly (stuck).
 12777 | D:6      | 12777 ||| Stepping randomly (stuck).
 12783 | D:6      | 12783 ||| Stepping randomly (stuck).
 12789 | D:6      | 12789 ||| Stepping randomly (stuck).
 12795 | D:6      | 12795 ||| Stepping randomly (stuck).
 12801 | D:6      | 12801 ||| Stepping randomly (stuck).
 12807 | D:6      | 12807 ||| Stepping randomly (stuck).
 12813 | D:6      | 12813 ||| Stepping randomly (stuck).
 12819 | D:6      | 12819 ||| Stepping randomly (stuck).
 12825 | D:6      | 12825 ||| Stepping randomly (stuck).
 12831 | D:6      | 12831 ||| Stepping randomly (stuck).
 12837 | D:6      | 12837 ||| Stepping randomly (stuck).
 12843 | D:6      | 12843 ||| Stepping randomly (stuck).
 12849 | D:6      | 12849 ||| Stepping randomly (stuck).
 12855 | D:6      | 12855 ||| Stepping randomly (stuck).
 12861 | D:6      | 12861 ||| Stepping randomly (stuck).
 12867 | D:6      | 12867 ||| Stepping randomly (stuck).
 12873 | D:6      | 12873 ||| Stepping randomly (stuck).
 12879 | D:6      | 12879 ||| Stepping randomly (stuck).
 12885 | D:6      | 12885 ||| Stepping randomly (stuck).
 12891 | D:6      | 12891 ||| Stepping randomly (stuck).
 12897 | D:6      | 12897 ||| Stepping randomly (stuck).
 12903 | D:6      | 12903 ||| Stepping randomly (stuck).
 12909 | D:6      | 12909 ||| Stepping randomly (stuck).
 12915 | D:6      | 12915 ||| Stepping randomly (stuck).
 12921 | D:6      | 12921 ||| Stepping randomly (stuck).
 12927 | D:6      | 12927 ||| Stepping randomly (stuck).
 12933 | D:6      | 12933 ||| Stepping randomly (stuck).
 12939 | D:6      | 12939 ||| Stepping randomly (stuck).
 12945 | D:6      | 12945 ||| Stepping randomly (stuck).
 12951 | D:6      | 12951 ||| Stepping randomly (stuck).
 12957 | D:6      | 12957 ||| Stepping randomly (stuck).
 12963 | D:6      | 12963 ||| Stepping randomly (stuck).
 12969 | D:6      | 12969 ||| Stepping randomly (stuck).
 12975 | D:6      | 12975 ||| Stepping randomly (stuck).
 12981 | D:6      | 12981 ||| Stepping randomly (stuck).
 12987 | D:6      | 12987 ||| Stepping randomly (stuck).
 12993 | D:6      | 12993 ||| Stepping randomly (stuck).
 12999 | D:6      | 12999 ||| Stepping randomly (stuck).
 13005 | D:6      | 13005 ||| Stepping randomly (stuck).
 13011 | D:6      | 13011 ||| Stepping randomly (stuck).
 13017 | D:6      | 13017 ||| Stepping randomly (stuck).
 13023 | D:6      | 13023 ||| Stepping randomly (stuck).
 13029 | D:6      | 13029 ||| Stepping randomly (stuck).
 13035 | D:6      | 13035 ||| Stepping randomly (stuck).
 13041 | D:6      | 13041 ||| Stepping randomly (stuck).
 13047 | D:6      | 13047 ||| Stepping randomly (stuck).
 13053 | D:6      | 13053 ||| Stepping randomly (stuck).
 13059 | D:6      | 13059 ||| Stepping randomly (stuck).
 13065 | D:6      | 13065 ||| Stepping randomly (stuck).
 13071 | D:6      | 13071 ||| Stepping randomly (stuck).
 13077 | D:6      | 13077 ||| Stepping randomly (stuck).
 13083 | D:6      | 13083 ||| Stepping randomly (stuck).
 13089 | D:6      | 13089 ||| Stepping randomly (stuck).
 13095 | D:6      | 13095 ||| Stepping randomly (stuck).
 13101 | D:6      | 13101 ||| Stepping randomly (stuck).
 13107 | D:6      | 13107 ||| Stepping randomly (stuck).
 13113 | D:6      | 13113 ||| Stepping randomly (stuck).
 13119 | D:6      | 13119 ||| Stepping randomly (stuck).
 13125 | D:6      | 13125 ||| Stepping randomly (stuck).
 13131 | D:6      | 13131 ||| Stepping randomly (stuck).
 13137 | D:6      | 13137 ||| Stepping randomly (stuck).
 13143 | D:6      | 13143 ||| Stepping randomly (stuck).
 13149 | D:6      | 13149 ||| Stepping randomly (stuck).
 13155 | D:6      | 13155 ||| Stepping randomly (stuck).
 13161 | D:6      | 13161 ||| Stepping randomly (stuck).
 13167 | D:6      | 13167 ||| Stepping randomly (stuck).
 13173 | D:6      | 13173 ||| Stepping randomly (stuck).
 13179 | D:6      | 13179 ||| Stepping randomly (stuck).
 13185 | D:6      | 13185 ||| Stepping randomly (stuck).
 13191 | D:6      | 13191 ||| Stepping randomly (stuck).
 13197 | D:6      | 13197 ||| Stepping randomly (stuck).
 13203 | D:6      | 13203 ||| Stepping randomly (stuck).
 13209 | D:6      | 13209 ||| Stepping randomly (stuck).
 13215 | D:6      | 13215 ||| Stepping randomly (stuck).
 13221 | D:6      | 13221 ||| Stepping randomly (stuck).
 13227 | D:6      | 13227 ||| Stepping randomly (stuck).
 13233 | D:6      | 13233 ||| Stepping randomly (stuck).
 13239 | D:6      | 13239 ||| Stepping randomly (stuck).
 13245 | D:6      | 13245 ||| Stepping randomly (stuck).
 13251 | D:6      | 13251 ||| Stepping randomly (stuck).
 13257 | D:6      | 13257 ||| Stepping randomly (stuck).
 13263 | D:6      | 13263 ||| Stepping randomly (stuck).
 13269 | D:6      | 13269 ||| Stepping randomly (stuck).
 13275 | D:6      | 13275 ||| Stepping randomly (stuck).
 13281 | D:6      | 13281 ||| Stepping randomly (stuck).
 13287 | D:6      | 13287 ||| Stepping randomly (stuck).
 13293 | D:6      | 13293 ||| Stepping randomly (stuck).
 13299 | D:6      | 13299 ||| Stepping randomly (stuck).
 13305 | D:6      | 13305 ||| Stepping randomly (stuck).
 13311 | D:6      | 13311 ||| Stepping randomly (stuck).
 13317 | D:6      | 13317 ||| Stepping randomly (stuck).
 13323 | D:6      | 13323 ||| Stepping randomly (stuck).
 13329 | D:6      | 13329 ||| Stepping randomly (stuck).
 13335 | D:6      | 13335 ||| Stepping randomly (stuck).
 13341 | D:6      | 13341 ||| Stepping randomly (stuck).
 13347 | D:6      | 13347 ||| Stepping randomly (stuck).
 13353 | D:6      | 13353 ||| Stepping randomly (stuck).
 13359 | D:6      | 13359 ||| Stepping randomly (stuck).
 13365 | D:6      | 13365 ||| Stepping randomly (stuck).
 13371 | D:6      | 13371 ||| Stepping randomly (stuck).
 13377 | D:6      | 13377 ||| Stepping randomly (stuck).
 13383 | D:6      | 13383 ||| Stepping randomly (stuck).
 13389 | D:6      | 13389 ||| Stepping randomly (stuck).
 13395 | D:6      | 13395 ||| Stepping randomly (stuck).
 13401 | D:6      | 13401 ||| Stepping randomly (stuck).
 13407 | D:6      | 13407 ||| Stepping randomly (stuck).
 13413 | D:6      | 13413 ||| Stepping randomly (stuck).
 13419 | D:6      | 13419 ||| Stepping randomly (stuck).
 13425 | D:6      | 13425 ||| Stepping randomly (stuck).
 13431 | D:6      | 13431 ||| Stepping randomly (stuck).
 13437 | D:6      | 13437 ||| Stepping randomly (stuck).
 13443 | D:6      | 13443 ||| Stepping randomly (stuck).
 13449 | D:6      | 13449 ||| Stepping randomly (stuck).
 13455 | D:6      | 13455 ||| Stepping randomly (stuck).
 13461 | D:6      | 13461 ||| Stepping randomly (stuck).
 13467 | D:6      | 13467 ||| Stepping randomly (stuck).
 13473 | D:6      | 13473 ||| Stepping randomly (stuck).
 13479 | D:6      | 13479 ||| Stepping randomly (stuck).
 13485 | D:6      | 13485 ||| Stepping randomly (stuck).
 13491 | D:6      | 13491 ||| Stepping randomly (stuck).
 13497 | D:6      | 13497 ||| Stepping randomly (stuck).
 13503 | D:6      | 13503 ||| Stepping randomly (stuck).
 13509 | D:6      | 13509 ||| Stepping randomly (stuck).
 13515 | D:6      | 13515 ||| Stepping randomly (stuck).
 13521 | D:6      | 13521 ||| Stepping randomly (stuck).
 13527 | D:6      | 13527 ||| Stepping randomly (stuck).
 13533 | D:6      | 13533 ||| Stepping randomly (stuck).
 13539 | D:6      | 13539 ||| Stepping randomly (stuck).
 13545 | D:6      | 13545 ||| Stepping randomly (stuck).
 13551 | D:6      | 13551 ||| Stepping randomly (stuck).
 13557 | D:6      | 13557 ||| Stepping randomly (stuck).
 13563 | D:6      | 13563 ||| Stepping randomly (stuck).
 13569 | D:6      | 13569 ||| Stepping randomly (stuck).
 13575 | D:6      | 13575 ||| Stepping randomly (stuck).
 13581 | D:6      | 13581 ||| Stepping randomly (stuck).
 13587 | D:6      | 13587 ||| Stepping randomly (stuck).
 13593 | D:6      | 13593 ||| Stepping randomly (stuck).
 13599 | D:6      | 13599 ||| Stepping randomly (stuck).
 13605 | D:6      | 13605 ||| Stepping randomly (stuck).
 13611 | D:6      | 13611 ||| Stepping randomly (stuck).
 13617 | D:6      | 13617 ||| Stepping randomly (stuck).
 13623 | D:6      | 13623 ||| Stepping randomly (stuck).
 13629 | D:6      | 13629 ||| Stepping randomly (stuck).
 13635 | D:6      | 13635 ||| Stepping randomly (stuck).
 13641 | D:6      | 13641 ||| Stepping randomly (stuck).
 13647 | D:6      | 13647 ||| Stepping randomly (stuck).
 13653 | D:6      | 13653 ||| Stepping randomly (stuck).
 13659 | D:6      | 13659 ||| Stepping randomly (stuck).
 13665 | D:6      | 13665 ||| Stepping randomly (stuck).
 13671 | D:6      | 13671 ||| Stepping randomly (stuck).
 13677 | D:6      | 13677 ||| Stepping randomly (stuck).
 13683 | D:6      | 13683 ||| Stepping randomly (stuck).
 13689 | D:6      | 13689 ||| Stepping randomly (stuck).
 13695 | D:6      | 13695 ||| Stepping randomly (stuck).
 13701 | D:6      | 13701 ||| Stepping randomly (stuck).
 13707 | D:6      | 13707 ||| Stepping randomly (stuck).
 13713 | D:6      | 13713 ||| Stepping randomly (stuck).
 13719 | D:6      | 13719 ||| Stepping randomly (stuck).
 13725 | D:6      | 13725 ||| Stepping randomly (stuck).
 13731 | D:6      | 13731 ||| Stepping randomly (stuck).
 13737 | D:6      | 13737 ||| Stepping randomly (stuck).
 13743 | D:6      | 13743 ||| Stepping randomly (stuck).
 13749 | D:6      | 13749 ||| Stepping randomly (stuck).
 13755 | D:6      | 13755 ||| Stepping randomly (stuck).
 13761 | D:6      | 13761 ||| Stepping randomly (stuck).
 13767 | D:6      | 13767 ||| Stepping randomly (stuck).
 13773 | D:6      | 13773 ||| Stepping randomly (stuck).
 13779 | D:6      | 13779 ||| Stepping randomly (stuck).
 13785 | D:6      | 13785 ||| Stepping randomly (stuck).
 13791 | D:6      | 13791 ||| Stepping randomly (stuck).
 13797 | D:6      | 13797 ||| Stepping randomly (stuck).
 13803 | D:6      | 13803 ||| Stepping randomly (stuck).
 13809 | D:6      | 13809 ||| Stepping randomly (stuck).
 13815 | D:6      | 13815 ||| Stepping randomly (stuck).
 13821 | D:6      | 13821 ||| Stepping randomly (stuck).
 13827 | D:6      | 13827 ||| Stepping randomly (stuck).
 13833 | D:6      | 13833 ||| Stepping randomly (stuck).
 13839 | D:6      | 13839 ||| Stepping randomly (stuck).
 13845 | D:6      | 13845 ||| Stepping randomly (stuck).
 13851 | D:6      | 13851 ||| Stepping randomly (stuck).
 13857 | D:6      | 13857 ||| Stepping randomly (stuck).
 13863 | D:6      | 13863 ||| Stepping randomly (stuck).
 13869 | D:6      | 13869 ||| Stepping randomly (stuck).
 13875 | D:6      | 13875 ||| Stepping randomly (stuck).
 13881 | D:6      | 13881 ||| Stepping randomly (stuck).
 13887 | D:6      | 13887 ||| Stepping randomly (stuck).
 13893 | D:6      | 13893 ||| Stepping randomly (stuck).
 13899 | D:6      | 13899 ||| Stepping randomly (stuck).
 13905 | D:6      | 13905 ||| Stepping randomly (stuck).
 13911 | D:6      | 13911 ||| Stepping randomly (stuck).
 13917 | D:6      | 13917 ||| Stepping randomly (stuck).
 13923 | D:6      | 13923 ||| Stepping randomly (stuck).
 13929 | D:6      | 13929 ||| Stepping randomly (stuck).
 13935 | D:6      | 13935 ||| Stepping randomly (stuck).
 13941 | D:6      | 13941 ||| Stepping randomly (stuck).
 13947 | D:6      | 13947 ||| Stepping randomly (stuck).
 13953 | D:6      | 13953 ||| Stepping randomly (stuck).
 13959 | D:6      | 13959 ||| Stepping randomly (stuck).
 13965 | D:6      | 13965 ||| Stepping randomly (stuck).
 13971 | D:6      | 13971 ||| Stepping randomly (stuck).
 13977 | D:6      | 13977 ||| Stepping randomly (stuck).
 13983 | D:6      | 13983 ||| Stepping randomly (stuck).
 13989 | D:6      | 13989 ||| Stepping randomly (stuck).
 13995 | D:6      | 13995 ||| Stepping randomly (stuck).
 14001 | D:6      | 14001 ||| Stepping randomly (stuck).
 14007 | D:6      | 14007 ||| Stepping randomly (stuck).
 14013 | D:6      | 14013 ||| Stepping randomly (stuck).
 14019 | D:6      | 14019 ||| Stepping randomly (stuck).
 14025 | D:6      | 14025 ||| Stepping randomly (stuck).
 14031 | D:6      | 14031 ||| Stepping randomly (stuck).
 14037 | D:6      | 14037 ||| Stepping randomly (stuck).
 14038 | D:6      | Quit the game

Levels and vault maps discovered:
D:1:      matt_arrival_los_fun, layout_loops_ring, basic_ecumenical_altar
D:2:      layout_basic
D:3:      layout_loops_ring, uniq_terence, uniq_crazy_yiuf_cottage
D:4:      layout_loops_cross, lightli_sewer_entry_pipes, minmay_misc_feat_iff,
          minmay_shop_grid_forest, hex_large
D:5:      minmay_general_purpose_star, layout_loops_cross,
          gammafunk_temple_overflow_arena, serial_shops,
          nicolae_shop_hallway_plus, uniq_edmund
D:6:      layout_basic, mainiacjoe_overflow_cross_hatched,
          kennysheep_windowed_goal, uniq_prince_ribbit1
Temple:   nicolae_temple_x_marks_the_god

Skill      XL: |  1  2  3  4  5  6  7  8  9 |
---------------+----------------------------+-----
Axes           | 2 3 4 5 6 8 |  8.1
Fighting       | 4 5 6 |  6.0
Dodging        | 1 |  1.3
Shields        | 5 7 |  7.2
Throwing       | 1 |  1.1
Invocations    | 2 4 |  4.0
Armour         | |  3.2

Action                   |  1- 3 |  4- 6 |  7- 9 || total
-------------------------+-------+-------+-------++-------
Melee: War axe           |   121 |   147 |   297 ||   565
       Kick              |     8 |    30 |    65 ||   103
Throw: Boomerang         |       |       |    16 ||    16
Invok: Heroism           |       |       |     6 ||     6
  Use: Scroll            |     2 |    10 |     6 ||    18
       Potion            |     2 |       |     2 ||     4
Armor: Scale mail        |    69 |    46 |       ||   115
       Chain mail        |       |    54 |   178 ||   232
Dodge: Dodged            |    64 |    71 |    88 ||   223
Block: Buckler           |    26 |    40 |     5 ||    71
       Kite shield       |       |       |   134 ||   134

Table legend:
 A = Non-vault XP
 B = Vault XP
 C = Vault XP percentage of total XP
 D = Non-vault monster count
 E = Vault monster count
 F = Vault count percentage of total count
                 A         B        C        D         E       F
            +---------+---------+-------+---------+---------+-------
      Total |    2708 |     611 |  18.4 |     156 |      18 |  10.3
            +---------+---------+-------+---------+---------+-------
        D:1 |      30 |       0 |   0.0 |      18 |       0 |   0.0
        D:2 |      60 |       0 |   0.0 |      23 |       0 |   0.0
        D:3 |     173 |       0 |   0.0 |      34 |       0 |   0.0
        D:4 |     454 |     141 |  23.7 |      30 |      12 |  28.6
        D:5 |     733 |     190 |  20.6 |      23 |       4 |  14.8
        D:6 |    1258 |     280 |  18.2 |      28 |       2 |   6.7
            +---------+---------+-------+---------+---------+-------
